MWL (24 & UNDER)
MANHATTEN MEATHEADS @ LEE'S SUMMIT TIGERS
09/22/2027
 
TOP OF THE 1ST
Manhatten Meatheads batting - Pitching for Lee's Summit Tigers : RHP Jeff Mann
Pitching: RHP Jeff Mann
Batting: RHB Luis Reynoso 0-0: Ball
1-0: Ball
2-0: Called Strike
2-1: Called Strike
2-2: Strikes out swinging
Batting: LHB Miguel Pérez 0-0: Called Strike
0-1: Ball
1-1: Ball
2-1: Ball
3-1: Base on Balls
Batting: SHB José Sousa 0-0: Foul Ball, location: 2F
0-1: Ball
1-1: Foul Ball, location: 2F
1-2: Strikes out looking
Batting: LHB Eric Dillard 0-0: SINGLE (Groundball, 56D)
Miguel Pérez to second
Batting: RHB José Esparza 0-0: Ground out U3 (Groundball, 34)
Top of the 1st over - 0 run(s), 1 hit(s), 0 error(s), 2 left on base; Manhatten 0 - Lee's Summit 0
BOTTOM OF THE 1ST
Lee's Summit Tigers batting - Pitching for Manhatten Meatheads : LHP Gerardo González
Pitching: LHP Gerardo González
Batting: RHB Jesús Ramos 0-0: Ball
1-0: Called Strike
1-1: Ball
2-1: Swinging Strike
2-2: Strikes out swinging
Batting: RHB Steven Wright 0-0: Ball
1-0: Called Strike
1-1: Foul Ball, location: 2F
1-2: Fly out, F9 (Line Drive, 9)
Batting: LHB Milo Powers 0-0: Ball
1-0: Ball
2-0: Called Strike
2-1: Ball
3-1: Swinging Strike
3-2: SINGLE (Groundball, 6M) (infield hit)
Batting: RHB Steve Cook 0-0: Called Strike
0-1: Ball
1-1: SINGLE (Line Drive, 6MD)
Milo Powers to second
Runner from 2nd tries for 3rd, SAFE, no throw
Batting: LHB Darren Holland 0-0: Ball
1-0: Ball
2-0: Ground out 3-1 (Groundball, 34S)
Bottom of the 1st over - 0 run(s), 2 hit(s), 0 error(s), 2 left on base; Manhatten 0 - Lee's Summit 0
TOP OF THE 2ND
Manhatten Meatheads batting - Pitching for Lee's Summit Tigers : RHP Jeff Mann
Batting: SHB León Glaviz 0-0: Called Strike
0-1: Swinging Strike
0-2: Ball
1-2: Ground out 4-3 (Groundball, 4)
Batting: RHB Pedro Delgado 0-0: Ball
1-0: Fly out, F7 (Flyball, 7)
Batting: LHB Hidalgo García 0-0: Ball
1-0: Swinging Strike
1-1: Ground out 4-3 (Groundball, 4)
Top of the 2nd over - 0 run(s), 0 hit(s), 0 error(s), 0 left on base; Manhatten 0 - Lee's Summit 0
BOTTOM OF THE 2ND
Lee's Summit Tigers batting - Pitching for Manhatten Meatheads : LHP Gerardo González
Batting: RHB Kyle Baylor 0-0: Swinging Strike
0-1: Swinging Strike
0-2: Ball
1-2: DOUBLE (Line Drive, 9)
Batting: RHB Steve Johnson 0-0: Swinging Strike
0-1: Ball
Wild Pitch!
Kyle Baylor to third
1-1: Ball
2-1: Ball
3-1: Fly out, F9 (Flyball, 9S)
Batting: RHB César Martínez 0-0: Fly out, F9 (Flyball, 89D)
Runner from 3rd tags up, SCORES, no throw
Batting: RHB Gilberto Ferrer 0-0: Called Strike
0-1: Foul Ball, location: 2F
0-2: Ball
1-2: Ball
2-2: Strikes out looking
Bottom of the 2nd over - 1 run(s), 1 hit(s), 0 error(s), 0 left on base; Manhatten 0 - Lee's Summit 1
TOP OF THE 3RD
Manhatten Meatheads batting - Pitching for Lee's Summit Tigers : RHP Jeff Mann
Batting: RHB George Green 0-0: Foul Ball, location: 2F
0-1: Called Strike
0-2: Strikes out looking
Batting: RHB Luis Reynoso 0-0: SINGLE (Line Drive, 9LS)
Batting: LHB Miguel Pérez Pickoff Throw to First - Error! E1
Luis Reynoso to second
0-0: Ball
1-0: Called Strike
1-1: Foul Ball, location: 2F
1-2: SINGLE (Flyball, 7S)
Luis Reynoso to third
Runner from 3rd tries for Home, SAFE, no throw
Batting: SHB José Sousa 0-0: Fly out, F9 (Flyball, 9LM)
Batting: LHB Eric Dillard 0-0: Ball
1-0: Ball
Pickoff Throw to First - Out!
Top of the 3rd over - 1 run(s), 2 hit(s), 1 error(s), 0 left on base; Manhatten 1 - Lee's Summit 1
BOTTOM OF THE 3RD
Lee's Summit Tigers batting - Pitching for Manhatten Meatheads : LHP Gerardo González
Batting: RHB Jesús Ramos 0-0: Called Strike
0-1: Ball
1-1: Ground out 6-3 (Groundball, 6)
Batting: RHB Steven Wright 0-0: Ball
1-0: Ground out 4-3 (Groundball, 4D)
Batting: LHB Milo Powers 0-0: Foul Ball, location: 2F
0-1: Fly out, F3 (Popup, 34S)
Bottom of the 3rd over - 0 run(s), 0 hit(s), 0 error(s), 0 left on base; Manhatten 1 - Lee's Summit 1
TOP OF THE 4TH
Manhatten Meatheads batting - Pitching for Lee's Summit Tigers : RHP Jeff Mann
Batting: LHB Eric Dillard 0-0: Called Strike
0-1: Ball
1-1: Ball
2-1: Ground out 3-1 (Groundball, 34S)
Batting: RHB José Esparza 0-0: Ball
1-0: Foul Ball, location: 2F
1-1: Ball
2-1: Foul Ball, location: 2F
2-2: Foul Ball, location: 2F
2-2: Strikes out swinging
Batting: SHB León Glaviz 0-0: Fly out, F7 (Flyball, 7)
Top of the 4th over - 0 run(s), 0 hit(s), 0 error(s), 0 left on base; Manhatten 1 - Lee's Summit 1
BOTTOM OF THE 4TH
Lee's Summit Tigers batting - Pitching for Manhatten Meatheads : LHP Gerardo González
Batting: RHB Steve Cook 0-0: Ball
1-0: Fly out, F7 (Flyball, 7)
Batting: LHB Darren Holland 0-0: Ball
1-0: Swinging Strike
1-1: Ball
2-1: Ground out U3 (Groundball, 3S)
Batting: RHB Kyle Baylor 0-0: Bunted foul
0-1: Foul Ball, location: 2F
0-2: Ball
1-2: SINGLE (Groundball, 6MD)
Batting: RHB Steve Johnson 0-0: Ball
1-0: Called Strike
1-1: Foul Ball, location: 2F
1-2: Ball
2-2: Foul Ball, location: 2F
2-2: 2-RUN HOME RUN (Flyball, 9LD), Distance : 334 ft
Batting: RHB César Martínez 0-0: Ball
1-0: SINGLE (Groundball, 56D)
Batting: RHB Gilberto Ferrer 0-0: Called Strike
0-1: Ball
1-1: Ball
2-1: SINGLE (Groundball, 5L) (infield hit)
César Martínez to second
Batting: RHB Jesús Ramos 0-0: Ball
1-0: Swinging Strike
1-1: Ball
2-1: Ball
3-1: Called Strike
3-2: Foul Ball, location: 2F
3-2: Base on Balls
César Martínez to third
Gilberto Ferrer to second
Batting: RHB Steven Wright 0-0: Ball
1-0: Fly out, F8 (Flyball, 89S)
Bottom of the 4th over - 2 run(s), 4 hit(s), 0 error(s), 3 left on base; Manhatten 1 - Lee's Summit 3
TOP OF THE 5TH
Manhatten Meatheads batting - Pitching for Lee's Summit Tigers : RHP Jeff Mann
Batting: RHB Pedro Delgado 0-0: Called Strike
0-1: Called Strike
0-2: Ball
1-2: Strikes out swinging
Batting: LHB Hidalgo García 0-0: Ball
1-0: Ball
2-0: Called Strike
2-1: Foul Ball, location: 2F
2-2: Strikes out looking
Batting: RHB George Green 0-0: Fly out, F7 (Flyball, 7S)
Top of the 5th over - 0 run(s), 0 hit(s), 0 error(s), 0 left on base; Manhatten 1 - Lee's Summit 3
BOTTOM OF THE 5TH
Lee's Summit Tigers batting - Pitching for Manhatten Meatheads : LHP Gerardo González
Batting: LHB Milo Powers 0-0: Ball
1-0: Ball
2-0: Foul Ball, location: 2F
2-1: Foul Ball, location: 2F
2-2: Strikes out swinging
Batting: RHB Steve Cook 0-0: Called Strike
0-1: Fly out, F9 (Flyball, 9S)
Batting: LHB Darren Holland 0-0: Ball
1-0: Ball
2-0: Called Strike
2-1: Swinging Strike
2-2: Strikes out swinging
Bottom of the 5th over - 0 run(s), 0 hit(s), 0 error(s), 0 left on base; Manhatten 1 - Lee's Summit 3
TOP OF THE 6TH
Manhatten Meatheads batting - Pitching for Lee's Summit Tigers : RHP Jeff Mann
Batting: RHB Luis Reynoso 0-0: Ball
1-0: Called Strike
1-1: Called Strike
1-2: Ball
2-2: Strikes out swinging passed ball, reaches first!
Batting: LHB Miguel Pérez 0-0: SINGLE (Line Drive, 7S)
Luis Reynoso to second
Batting: SHB José Sousa 0-0: Ball
1-0: Ground out 4-3 (Groundball, 4S)
Luis Reynoso to third
Miguel Pérez to second
Batting: LHB Eric Dillard 0-0: Called Strike
0-1: Ball
1-1: Fly out, F8 (Flyball, 8RM)
Runner from 3rd tags up, SCORES, no throw
Batting: RHB José Esparza 0-0: Foul Ball, location: 2F
0-1: Ground out 4-3 (Groundball, 4)
Top of the 6th over - 1 run(s), 1 hit(s), 0 error(s), 1 left on base; Manhatten 2 - Lee's Summit 3
BOTTOM OF THE 6TH
Lee's Summit Tigers batting - Pitching for Manhatten Meatheads : LHP Gerardo González
Pitching: LHP Pedro Cruz
Batting: RHB Kyle Baylor 0-0: Called Strike
0-1: Ball
1-1: Ground out 6-3 (Groundball, 6S)
Batting: RHB Steve Johnson 0-0: Ball
1-0: Foul Ball, location: 2F
1-1: Swinging Strike
1-2: Strikes out swinging
Batting: RHB César Martínez 0-0: Fly out, F2 (Popup, 5S)
Bottom of the 6th over - 0 run(s), 0 hit(s), 0 error(s), 0 left on base; Manhatten 2 - Lee's Summit 3
TOP OF THE 7TH
Manhatten Meatheads batting - Pitching for Lee's Summit Tigers : RHP Jeff Mann
Batting: SHB León Glaviz 0-0: Swinging Strike
0-1: SINGLE (Groundball, 4MD)
Batting: RHB Pedro Delgado 0-0: Ball
1-0: Called Strike
1-1: Ball
2-1: Called Strike
2-2: Strikes out swinging
Pitching: RHP António Cruz
Batting: LHB Hidalgo García 0-0: Called Strike
0-1: Called Strike
0-2: Ball
1-2: Foul Ball, location: 2F
1-2: Strikes out swinging
Batting: RHB George Green 0-0: Called Strike
0-1: Foul Ball, location: 2F
0-2: Strikes out swinging
Top of the 7th over - 0 run(s), 1 hit(s), 0 error(s), 1 left on base; Manhatten 2 - Lee's Summit 3
BOTTOM OF THE 7TH
Lee's Summit Tigers batting - Pitching for Manhatten Meatheads : LHP Pedro Cruz
Batting: RHB Gilberto Ferrer 0-0: Foul Ball, location: 2F
0-1: Foul Ball, location: 2F
0-2: Ground out 1-3 (Groundball, P)
Batting: RHB Jesús Ramos 0-0: Foul Ball, location: 2F
0-1: Called Strike
0-2: Ball
1-2: Ground out 6-3 (Groundball, 6)
Batting: RHB Steven Wright 0-0: Called Strike
0-1: Ball
1-1: Fly out, F9 (Flyball, 9)
Bottom of the 7th over - 0 run(s), 0 hit(s), 0 error(s), 0 left on base; Manhatten 2 - Lee's Summit 3
TOP OF THE 8TH
Manhatten Meatheads batting - Pitching for Lee's Summit Tigers : RHP António Cruz
Batting: RHB Luis Reynoso 0-0: Swinging Strike
0-1: Ground out 6-3 (Groundball, 6)
Pitching: LHP Vernon Mathis
Batting: LHB Miguel Pérez 0-0: Ball
1-0: SINGLE (Line Drive, 56)
Batting: SHB José Sousa 0-0: Ball
1-0: Ball
2-0: Foul Ball, location: 2F
2-1: 2-RUN HOME RUN (Flyball, 7LD), Distance : 320 ft
Pitching: RHP John Martínez
Batting: LHB Eric Dillard 0-0: Ball
1-0: Ball
2-0: SINGLE (Groundball, 3D)
Batting: RHB José Esparza 0-0: Ball
1-0: Foul Ball, location: 2F
1-1: Ball
2-1: SINGLE (Line Drive, 9S)
Eric Dillard to second
Runner from 2nd tries for 3rd, OUT!
José Esparza to second
Batting: SHB León Glaviz 0-0: Ball
1-0: Called Strike
1-1: Swinging Strike
1-2: Strikes out looking
Top of the 8th over - 2 run(s), 4 hit(s), 0 error(s), 1 left on base; Manhatten 4 - Lee's Summit 3
BOTTOM OF THE 8TH
Lee's Summit Tigers batting - Pitching for Manhatten Meatheads : LHP Pedro Cruz
Pitching: LHP Donald Joseph
Batting: LHB Milo Powers 0-0: Called Strike
0-1: Ground out U3 (Groundball, 34S)
Pitching: RHP Carlos Montés
Batting: RHB Steve Cook 0-0: Ball
1-0: Called Strike
1-1: Ground out 4-3 (Groundball, 4)
Pitching: LHP Miguel Angel Meléndez
Batting: LHB Darren Holland 0-0: Ball
1-0: Ball
2-0: Called Strike
2-1: Foul Ball, location: 2F
2-2: SINGLE (Line Drive, 9S)
Pitching: RHP Nathan Davis
Pinch Hitting: LHB Al Miller 0-0: Ball
1-0: Called Strike
1-1: Ball
2-1: Ball
3-1: Called Strike
3-2: Foul Ball, location: 2F
3-2: Foul Ball, location: 2F
3-2: Base on Balls
Darren Holland to second
Batting: RHB Steve Johnson 0-0: Fly out, F6 (Popup, 6D)
Bottom of the 8th over - 0 run(s), 1 hit(s), 0 error(s), 2 left on base; Manhatten 4 - Lee's Summit 3
TOP OF THE 9TH
Manhatten Meatheads batting - Pitching for Lee's Summit Tigers : RHP John Martínez
Pitching: RHP Javier Pacheco
Now in LF: Dale Miller
Batting: RHB Pedro Delgado 0-0: Ball
1-0: Foul Ball, location: 2F
1-1: Ball
2-1: Swinging Strike
2-2: Strikes out swinging
Batting: LHB Hidalgo García 0-0: Ball
1-0: Called Strike
1-1: Foul Ball, location: 2F
1-2: Ground out 1-3 (Groundball, 13)
Batting: RHB George Green 0-0: Ball
1-0: Swinging Strike
1-1: Foul Ball, location: 2F
1-2: Ball
2-2: Foul Ball, location: 2F
2-2: Foul Ball, location: 2F
2-2: Strikes out swinging, 2-3 out at first.
Top of the 9th over - 0 run(s), 0 hit(s), 0 error(s), 0 left on base; Manhatten 4 - Lee's Summit 3
BOTTOM OF THE 9TH
Lee's Summit Tigers batting - Pitching for Manhatten Meatheads : RHP Nathan Davis
Pitching: RHP Juan García
Pinch Hitting: LHB Dudley Cooper 0-0: Ball
1-0: Fly out, F8 (Line Drive, 8RM)
Pinch Hitting: RHB Ricardo Velásquez 0-0: Ball
1-0: Ball
2-0: Ball
3-0: Called Strike
3-1: SINGLE (Groundball, 3D)
Batting: RHB Jesús Ramos 0-0: Called Strike
0-1: Ball
1-1: Ball
2-1: Ball
3-1: Foul Ball, location: 2F
3-2: Foul Ball, location: 2F
3-2: Strikes out looking
Batting: RHB Steven Wright 0-0: Called Strike
0-1: Foul Ball, location: 2F
0-2: Ball
1-2: Strikes out swinging
Bottom of the 9th over - 0 run(s), 1 hit(s), 0 error(s), 1 left on base; Manhatten 4 - Lee's Summit 3
Thursday, March 30th, 2017 - OOTP Baseball 17.12 Build 75